 Dungeon Crawl Stone Soup version 0.31-a0-180-g519b7de00c (webtiles) character file.

Game seed: 18291002949837115322

3439 AlmostDecent the Frost Mage (level 10, -8/111 HPs)
             Began as a Gnoll Ice Elementalist on June 18, 2023.
             Was a Follower of Vehumet.
             Killed from afar by a steam dragon (20 damage)
             ... with a ball of steam
             ... on level 7 of the Dungeon on June 20, 2023.
             The game lasted 00:30:28 (6388 turns).

AlmostDecent the Frost Mage (GnIE)                  Turns: 6388, Time: 00:30:29

Health: -8/111     AC:  7    Str: 10    XL:     10   Next: 5%
Magic:  20/20      EV: 14    Int: 25    God:    Vehumet [*.....]
Gold:   350        SH:  0    Dex: 13    Spells: 10/23 levels left

rFire   . . .        i - +0 triple sword (vamp)
rCold   . . .        (shield currently unavailable)
rNeg    + . .        D - +3 leather armour of Weirdness {Str+3}
rPois   .            L - +0 helmet
rElec   .            (no cloak)
rCorr   .            (no gloves)
SInv    .            (no boots)
Will    +....        (no amulet) Stlth
                     l - ring of willpower
HPRegen 0.38/turn    r - ring "Geussuh" {rN+ Int+6 Slay+3}
MPRegen 0.17/turn

%: no passive effects
@: berserking, very quick
A: fangs 1, strong nose, distributed training
a: Renounce Religion


You were on level 7 of the Dungeon.
You worshipped Vehumet.
Vehumet was aware of your devotion.
You visited 2 branches of the dungeon, and saw 8 of its levels.
You also visited: Ossuary.

You collected 350 gold pieces.

Inventory:

Hand Weapons
 i - a +0 vampiric triple sword (weapon)
 N - a +5 short sword of freezing
Missiles
 A - a throwing net
Armour
 a - a +0 robe
 k - +0 steam dragon scales
 D - the +3 leather armour of Weirdness (worn) {Str+3}
   (You found it on level 4 of the Dungeon)

   Str:       It affects your strength (+3).
 L - a +0 helmet (worn)
 M - +0 acid dragon scales
Magical Staves
 q - a staff of air
Jewellery
 l - a ring of willpower (left hand)
 r - the ring "Geussuh" (right hand) {rN+ Int+6 Slay+3}
   (You found it on level 3 of the Dungeon)

   [ring of intelligence]

   Int:       It affects your intelligence (+6).
   Slay:      It affects your accuracy & damage with ranged weapons and melee
   (+3).
   rN:        It protects you from negative energy.
 v - a ring of positive energy
 G - an amulet of guardian spirit
Wands
 c - a wand of polymorph (3)
 y - a wand of flame (20)
 E - a wand of paralysis (5)
Scrolls
 b - 2 scrolls of fear
 d - 3 scrolls of fog
 h - 5 scrolls of immolation
 j - a scroll of teleportation {unknown}
 m - a scroll of amnesia {unknown}
 n - a scroll of revelation {unknown}
 o - a scroll of noise {unknown}
 p - a scroll of brand weapon {unknown}
 t - a scroll of poison {unknown}
 C - a scroll of enchant armour {unknown}
 K - a scroll of vulnerability {unknown}
Potions
 e - a potion of invisibility {unknown}
 f - 3 potions of curing
 g - 2 potions of attraction
 u - a potion of degeneration {unknown}
 x - a potion of heal wounds
 z - 4 potions of might
 B - a potion of enlightenment {unknown}
 H - a potion of lignification
 I - a potion of haste {unknown}
 J - a potion of mutation {unknown}


   Skills:
 + Level 5.0 Fighting
 + Level 5.0 Short Blades
 + Level 5.0 Long Blades
 + Level 5.0 Axes
 + Level 5.0 Maces & Flails
 + Level 5.0 Polearms
 + Level 5.0 Staves
 + Level 5.0 Ranged Weapons
 + Level 5.0 Throwing
 + Level 5.0 Armour
 + Level 6.9 Dodging
 + Level 6.6 Stealth
 + Level 5.0 Shields
 + Level 5.0 Unarmed Combat
 + Level 7.2 Spellcasting
 + Level 4.2 Conjurations
 + Level 4.2 Hexes
 + Level 4.2 Summonings
 + Level 4.2 Necromancy
 + Level 4.2 Translocations
 + Level 4.2 Transmutations
 + Level 4.2 Fire Magic
 + Level 8.3 Ice Magic
 + Level 4.2 Air Magic
 + Level 4.2 Earth Magic
 + Level 4.2 Poison Magic
 + Level 5.5 Invocations
 + Level 5.0 Evocations


You had 10 spell levels left.
You knew the following spells:

 Your Spells              Type           Power      Damage    Failure   Level
a - Freeze                Ice            100%       1d10      1%          1
b - Frozen Ramparts       Ice            100%       1d16      1%          3
c - Ozocubu's Armour      Ice            50%        N/A       1%          3
d - Summon Ice Beast      Ice/Summ       40%        N/A       6%          4
e - Sublimation of Blood  Necr           30%        N/A       2%          2

Your spell library contained the following spells:

 Spells                   Type           Power      Damage    Failure   Level
 Kiss of Death            Conj/Necr      100%       2d13      1%          1
 Slow                     Hex            100%       N/A       1%          1
 Wereblood                Tmut           30%        N/A       2%          2
 Confusing Touch          Hex            30%        N/A       4%          3
 Ignite Poison            Fire/Tmut/Pois 30%        N/A       4%          3
 Vampiric Draining        Necr           30%        2d8       4%          3
 Ice Form                 Ice/Tmut       40%        N/A       6%          4
 Animate Dead             Necr           30%        N/A       16%         4
 Sticky Flame             Conj/Fire      30%        2d5       16%         4
 Borgnjor's Vile Clutch   Necr/Erth      15%        N/A       38%         5
 Death Channel            Necr           15%        N/A       93%         6
 Summon Hydra             Summ           15%        N/A       100%        7
 Ignition                 Fire           15%        3d6       100%        8


Dungeon Overview and Level Annotations

Branches:
Dungeon (7/15)             Temple (1/1) D:6         Ossuary (visited)

Altars:
Cheibriados
Dithmenos
Elyvilon
Fedhas
Gozag
Hepliaklqana
Kikubaaqudgha
Makhleb
Nemelex Xobeh
Okawaru
Qazlal
Ru
Sif Muna
Trog
Uskayaw
Vehumet
Yredelemnul
Zin
The Shining One

Shops:
D:6 (


Innate Abilities, Weirdness & Mutations

You have very sharp teeth.
Your uncanny sense of smell can sniff out nearby items.
Your experience applies equally to all skills.


Message History

You closely miss the bullfrog.
The bullfrog is lightly wounded.
You are engulfed in a cloud of scalding steam.
The bullfrog is engulfed in a cloud of scalding steam.
The bullfrog barely misses you.
The bullfrog is engulfed in a cloud of scalding steam.
The bullfrog barely misses you. The steam dragon bites you!
The steam dragon barely misses you.
The bullfrog is engulfed in a cloud of scalding steam.
The bullfrog closely misses you. The steam dragon misses you.
The steam dragon closely misses you.
You hit the steam dragon but do no damage.
You bite the steam dragon.
The steam dragon is lightly wounded.
The bullfrog is engulfed in a cloud of scalding steam.
The bullfrog dies!
The steam dragon breathes steam at you. The ball of steam misses you.
You barely miss the steam dragon.
You bite the steam dragon, but do no damage.
The steam dragon is lightly wounded.
You are engulfed in a cloud of scalding steam.
The steam dragon bites you but does no damage.
The steam dragon barely misses you.
The steam dragon bites you but does no damage.
The steam dragon claws you.
* * * LOW HITPOINT WARNING * * *
You barely miss the steam dragon.
The steam dragon is lightly wounded.
You are engulfed in a cloud of scalding steam.
* * * LOW HITPOINT WARNING * * *
The steam dragon bites you!
* * * LOW HITPOINT WARNING * * *
The steam dragon claws you.
* * * LOW HITPOINT WARNING * * *
A red film seems to cover your vision as you go berserk!
You feel yourself moving faster!
You feel mighty! The steam dragon breathes steam at you.
The ball of steam hits you!!
You die...

##.#### ... .......
#### .... ......< #..#
..... ....... ##.#
..... ....^.. #.#
####..... ....... #.#
#†....... ....... #.#
#@....... #.... #.#
#.D...... #.#.### #.#
#........ #......
##.#######........
###.###
#................. ...
#....###########.# #.#.
#....# . .. #. #....#
########## #.
#...)#########.........
..


You could see a steam dragon (catching breath).

Vanquished Creatures
  Pikel (D:7)
  Maggie (D:7)
  A steam dragon (D:7)
  Menkaure (Ossuary)
  An ice beast (D:5)
  2 sky beasts
  4 ogres
  2 phantoms
  2 kobold brigands (D:7)
  2 bullfrogs (D:7)
  2 scorpions
  5 wights (D:7)
  2 killer bees (D:7)
  3 howler monkeys
  2 hounds (D:6)
  2 jellies
  An orc priest (D:5)
  3 iguanas
  An orc wizard (D:5)
  3 mummies (Ossuary)
  4 adders
  A shadow imp (D:5)
  A white imp (D:6)
  2 ufetubi
  4 worms
  2 dart slugs
  15 orcs
  4 ball pythons
  4 endoplasms
  7 giant cockroaches
  11 goblins
  7 hobgoblins
  8 jackals
  3 quokkas
  5 bats
  3 frilled lizards
  4 gnoll skeletons (Ossuary)
  A gnoll zombie (Ossuary)
  5 goblin skeletons (Ossuary)
  4 goblin zombies (Ossuary)
  3 hobgoblin skeletons (Ossuary)
  A hobgoblin zombie (Ossuary)
  15 kobolds
  3 kobold skeletons (Ossuary)
  3 kobold zombies (Ossuary)
  4 orc skeletons (Ossuary)
  7 orc zombies (Ossuary)
  5 rats
  3 rat skeletons (Ossuary)
  6 rat zombies (Ossuary)
  A spectral orc (D:6)
187 creatures vanquished.

Vanquished Creatures (collateral kills)
  Grinder (D:5)
  Duvessa (D:5)
  Dowan (D:5)
  A killer bee (D:7)
  An adder (D:5)
  2 orcs (D:5)
  A gnoll skeleton (Ossuary)
  2 hobgoblin zombies (Ossuary)
  An orc skeleton (Ossuary)
  A rat skeleton (Ossuary)
  A rat zombie (Ossuary)
13 creatures vanquished.

Vanquished Creatures (others)
  A bullfrog (D:7)
1 creature vanquished.

Grand Total: 201 creatures vanquished

Notes
Turn   | Place    | Note
-------+----------+-------------------------------------------
     0 | D:1      | AlmostDecent the Gnoll Ice Elementalist began the quest for
                  | the Orb.
     0 | D:1      | Reached XP level 1. HP: 13/13 MP: 6/6
   118 | D:1      | Reached XP level 2. HP: 16/19 MP: 1/7
   523 | D:1      | Reached skill level 5 in Spellcasting
   523 | D:1      | Reached XP level 3. HP: 25/25 MP: 6/9
   527 | D:1      | Learned a level 3 spell: Frozen Ramparts
   531 | D:1      | Learned a level 3 spell: Ozocubu's Armour
   911 | D:2      | Reached skill level 1 in Invocations
  1239 | D:2      | Reached skill level 1 in Fighting
  1239 | D:2      | Reached skill level 1 in Short Blades
  1239 | D:2      | Reached skill level 1 in Long Blades
  1239 | D:2      | Reached skill level 1 in Axes
  1239 | D:2      | Reached skill level 1 in Maces & Flails
  1239 | D:2      | Reached skill level 1 in Polearms
  1239 | D:2      | Reached skill level 1 in Staves
  1239 | D:2      | Reached skill level 1 in Ranged Weapons
  1239 | D:2      | Reached skill level 1 in Throwing
  1239 | D:2      | Reached skill level 1 in Armour
  1239 | D:2      | Reached skill level 1 in Shields
  1239 | D:2      | Reached skill level 1 in Unarmed Combat
  1239 | D:2      | Reached skill level 1 in Evocations
  1426 | D:2      | Found a faded altar of an unknown god.
  1789 | D:2      | Reached XP level 4. HP: 30/32 MP: 8/11
  1794 | D:2      | Learned a level 4 spell: Summon Ice Beast
  1918 | D:3      | Identified the ring "Geussuh" {rN+ Int+6 Slay+3}
  2430 | D:3      | Learned a level 2 spell: Sublimation of Blood
  2541 | D:4      | Reached skill level 1 in Conjurations
  2541 | D:4      | Reached skill level 1 in Hexes
  2541 | D:4      | Reached skill level 1 in Summonings
  2541 | D:4      | Reached skill level 1 in Necromancy
  2541 | D:4      | Reached skill level 1 in Translocations
  2541 | D:4      | Reached skill level 1 in Transmutations
  2541 | D:4      | Reached skill level 1 in Fire Magic
  2541 | D:4      | Reached skill level 1 in Air Magic
  2541 | D:4      | Reached skill level 1 in Earth Magic
  2541 | D:4      | Reached skill level 1 in Poison Magic
  2578 | D:4      | Reached XP level 5. HP: 33/37 MP: 5/12
  3055 | D:4      | Identified the +3 leather armour of Weirdness {Str+3}
  3264 | D:5      | Entered Level 5 of the Dungeon
  3264 | D:5      | Noticed a sky beast
  3271 | D:5      | Killed a sky beast
  3272 | D:5      | Reached skill level 5 in Dodging
  3272 | D:5      | Reached XP level 6. HP: 44/44 MP: 7/14
  3419 | D:5      | Reached XP level 7. HP: 9/51 MP: 6/15
  3424 | D:5      | HP: 3/76 [poisoned by an orc]
  3428 | D:5      | HP: 1/76 [poisoned by an orc]
  3491 | D:5      | Identified a scroll of acquirement
  3491 | D:5      | Acquired a book of Unlife
  3560 | D:5      | Noticed Duvessa
  3562 | D:5      | Noticed Dowan
  3569 | D:5      | Killed Duvessa
  3570 | D:5      | Reached skill level 5 in Stealth
  3572 | D:5      | Killed Dowan
  3585 | D:5      | Found a snail-covered altar of Cheibriados.
  3657 | D:5      | Noticed Grinder
  3665 | D:5      | Killed Grinder
  3666 | D:5      | Reached XP level 8. HP: 58/58 MP: 9/16
  3709 | D:5      | Found a sand-covered staircase.
  3718 | Ossuary  | Entered an ossuary
  4086 | Ossuary  | Noticed Menkaure
  4097 | Ossuary  | Killed Menkaure
  4599 | D:6      | Found a burning altar of Makhleb.
  4631 | D:6      | Found a staircase to the Ecumenical Temple.
  4638 | Temple   | Entered the Ecumenical Temple
  4728 | Temple   | Became a worshipper of Vehumet
  4800 | D:6      | Found Vempaykooj's Firing Range.
  4846 | D:6      | Found a basalt altar of Yredelemnul.
  4926 | D:6      | Found an iron altar of Okawaru.
  5120 | D:6      | Acquired a +0 vampiric triple sword
  5285 | D:6      | Found a sacrificial altar of Ru.
  5323 | D:6      | Reached XP level 9. HP: 44/65 MP: 18/18
  5431 | D:6      | Upgraded the game from 0.31-a0-177-g4aa6249778 to
                  | 0.31-a0-180-g519b7de00c
  5529 | D:7      | Noticed Maggie
  5557 | D:7      | Killed Maggie
  5558 | D:7      | Reached skill level 8 in Ice Magic
  5713 | D:7      | Reached skill level 5 in Invocations
  6023 | D:7      | Reached * piety under Vehumet
  6023 | D:7      | Offered knowledge of Kiss of Death by Vehumet.
  6150 | D:7      | Noticed Pikel
  6155 | D:7      | Killed Pikel
  6242 | D:7      | Reached skill level 5 in Fighting
  6242 | D:7      | Reached skill level 5 in Short Blades
  6242 | D:7      | Reached skill level 5 in Long Blades
  6242 | D:7      | Reached skill level 5 in Axes
  6242 | D:7      | Reached skill level 5 in Maces & Flails
  6242 | D:7      | Reached skill level 5 in Polearms
  6242 | D:7      | Reached skill level 5 in Staves
  6242 | D:7      | Reached skill level 5 in Ranged Weapons
  6242 | D:7      | Reached skill level 5 in Throwing
  6242 | D:7      | Reached skill level 5 in Armour
  6242 | D:7      | Reached skill level 5 in Shields
  6242 | D:7      | Reached skill level 5 in Unarmed Combat
  6242 | D:7      | Reached skill level 5 in Evocations
  6242 | D:7      | Reached XP level 10. HP: 69/74 MP: 20/20
  6388 | D:7      | Killed from afar by a steam dragon

Illustrated notes

Levels and vault maps discovered:
D:1:      heliophobic_arrival_henge, layout_rooms
D:2:      layout_basic, dilly_ecumenical_altar_fadedgnrine, serial_glass,
          glass_columns_b, glass_columns_a, glass_columns_a, glass_columns_a,
          minmay_quadrilaterals
D:3:      layout_basic, chequers_serial_rivers_micro_a
D:4:      layout_cave_pools
D:5:      layout_rooms, slow_altar_2, nicolae_ossuary_entry_monument,
          minmay_holes, uniq_duvessa, uniq_grinder
D:6:      layout_rooms, yredelemnul_forgotten_temple_becter,
          mainiacjoe_overflow_tiny_flanked, bloody_makhleb,
          kennysheep_little_box, minmay_temple_entry_nine_rooms,
          nicolae_shop_firing_range
D:7:      layout_basic, uniq_pikel, uniq_maggie
Temple:   nicolae_temple_superstar

Skill      XL: |  1  2  3  4  5  6  7  8  9 |
---------------+----------------------------+-----
Spellcasting   | 5 6 7 |  7.2
Invocations    | 1 2 3 4 5 |  5.5
Fighting       | 1 2 3 5 |  5.0
Short Blades   | 1 2 3 5 |  5.0
Long Blades    | 1 2 3 5 |  5.0
Axes           | 1 2 3 5 |  5.0
Maces & Flails | 1 2 3 5 |  5.0
Polearms       | 1 2 3 5 |  5.0
Staves         | 1 2 3 5 |  5.0
Ranged Weapons | 1 2 3 5 |  5.0
Throwing       | 1 2 3 5 |  5.0
Armour         | 1 2 3 5 |  5.0
Shields        | 1 2 3 5 |  5.0
Unarmed Combat | 1 2 3 5 |  5.0
Evocations     | 1 2 3 5 |  5.0
Conjurations   | 1 2 3 4 |  4.2
Hexes          | 1 2 3 4 |  4.2
Summonings     | 1 2 3 4 |  4.2
Necromancy     | 1 2 3 4 |  4.2
Translocations | 1 2 3 4 |  4.2
Transmutations | 1 2 3 4 |  4.2
Fire Magic     | 1 2 3 4 |  4.2
Air Magic      | 1 2 3 4 |  4.2
Earth Magic    | 1 2 3 4 |  4.2
Poison Magic   | 1 2 3 4 |  4.2
Dodging        | 5 6 |  6.9
Stealth        | 5 6 |  6.6
Ice Magic      | 8 |  8.3

Action                     |  1- 3 |  4- 6 |  7- 9 | 10-12 || total
---------------------------+-------+-------+-------+-------++-------
  Melee: Unarmed           |     2 |       |       |       ||     2
         Short sword       |     7 |       |       |       ||     7
         Long sword        |     2 |    17 |   111 |       ||   130
         Punch             |       |     2 |     3 |       ||     5
         Bite              |       |     1 |    24 |     4 ||    29
         Triple sword      |       |       |    80 |     7 ||    87
   Cast: Freeze            |    58 |    39 |     2 |       ||    99
         Frozen Ramparts   |     1 |     6 |    19 |     1 ||    27
         Ozocubu's Armour  |       |     2 |     5 |       ||     7
         Summon Ice Beast  |       |     1 |     7 |       ||     8
    Use: Scroll            |       |     1 |     9 |       ||    10
         Potion            |       |       |     6 |     1 ||     7
   Stab: Sleeping          |       |       |     5 |       ||     5
 Armour: Robe              |     9 |     8 |       |       ||    17
         Leather armour    |       |     1 |    47 |     2 ||    50
  Dodge: Dodged            |    27 |    30 |   136 |    10 ||   203

Table legend: (Time is in decaauts)
 A = Elapsed time spent in this place.
 B = Non-inter-level travel time spent in this place.
 C = Inter-level travel time spent in this place.
 D = Time resting spent in this place.
 E = Time spent auto-exploring this place.
 F = Levels seen in this place.
 G = Mean time per level.
                   A        B        C        D        E       F      G
               +--------+--------+--------+--------+--------+-----+--------+
         Total |   6500 |   6411 |     89 |    353 |   4486 |   9 |  722.2 |
       Dungeon |   5824 |   5735 |     89 |    168 |   4308 |   7 |  832.0 |
        Temple |    116 |    116 |      0 |      0 |     73 |   1 |  116.0 |
       Ossuary |    558 |    558 |      0 |    185 |    105 |   1 |  558.0 |
               +--------+--------+--------+--------+--------+-----+--------+

Top non-repeatable levels by time:
     D:2: 1171 daAuts
     D:7: 983 daAuts
     D:5: 829 daAuts
     D:4: 747 daAuts
     D:6: 745 daAuts
     D:1: 690 daAuts
     D:3: 656 daAuts
 Ossuary: 558 daAuts
  Temple: 116 daAuts
